 Dungeon Crawl Stone Soup version 0.22-a0-422-g9628fc8 (webtiles) character file.

10921 Kikal the Martial Artist (level 11, -6/84 HPs)
             Began as a Mummy Monk on May 9, 2018.
             Was an Elder of Nemelex Xobeh.
             Mangled by a blink frog (11 damage)
             ... on level 1 of the Lair of Beasts on May 20, 2018.
             The game lasted 01:04:57 (15570 turns).

Kikal the Martial Artist (Mummy Monk)              Turns: 15570, Time: 01:04:58

Health: -6/84      AC: 15    Str: 16    XL:     11   Next: 42%
Magic:  18/18      EV: 12    Int: 10    God:    Nemelex Xobeh [****..]
Gold:   599        SH:  0    Dex: 16    Spells: 10/10 levels left

rFire    x . .     SeeInvis .     - Unarmed
rCold    + . .     Gourm    .   (no shield)
rNeg     + + +     Faith    .   m - +0 ring mail
rPois    ∞         Spirit   .   y - +2 hat
rElec    .         Reflect  .   a - +2 cloak
rCorr    .         Harm     .   w - +0 pair of gloves (curse)
MR       +....     Rnd*Tele +   b - +1 pair of boots
Stlth    +.........             (no amulet)
HPRegen  0.24/turn              z - ring of teleportation (curse)
MPRegen  0.16/turn              (no ring)

@: no status effects
A: no food or potions, fire vulnerability, cold resistance 1, negative energy
resistance 3, torment resistance, unbreathing
a: Triple Draw, Deal Four, Renounce Religion


You were on level 1 of the Lair of Beasts.
You worshipped Nemelex Xobeh.
Nemelex Xobeh was greatly pleased with you.
You were not hungry.

You visited 3 branches of the dungeon, and saw 13 of its levels.

You collected 599 gold pieces.

Inventory:

Hand Weapons
 q - a +1 hunting sling of flaming
Missiles
 e - 6 javelins
 i - 186 stones (quivered)
 k - 15 tomahawks
 s - a throwing net
Armour
 a - a +2 cloak (worn)
 b - a +1 pair of boots (worn)
 m - a +0 ring mail (worn)
 w - a cursed +0 pair of gloves (worn)
 y - a +2 hat (worn)
 B - a +1 chain mail of positive energy
Jewellery
 z - a cursed ring of teleportation (left hand)
Wands
 g - a wand of scattershot (1)
 o - a wand of digging (32)
 u - a wand of flame (6)
 x - a wand of disintegration (12)
Scrolls
 c - a scroll of immolation
 d - 7 scrolls of identify
 f - 6 scrolls of teleportation
 h - 2 scrolls of enchant weapon
 j - 3 scrolls of amnesia
 n - 2 scrolls of enchant armour
Miscellaneous
 l - a plain deck of summoning {drawn: 5}
 p - an ornate deck of destruction
 r - a plain deck of summoning
 t - an ornate deck of destruction {drawn: 7}
 A - a legendary deck of destruction


   Skills:
 - Level 7.0 Fighting
 + Level 5.6 Armour
 - Level 2.4 Dodging
 - Level 1.5 Stealth
 - Level 10.0 Unarmed Combat
 + Level 9.7 Invocations


You had 10 spell levels left.
You didn't know any spells.
Your spell library contained the following spells:

 Spells                   Type           Power        Failure   Level  Hunger
 Apportation              Tloc           #.....       56%         1    N/A
 Summon Small Mammal      Summ           #...         56%         1    N/A
 Animate Dead             Necr           N/A          100%        4    N/A
 Pain                     Necr           #...         56%         1    N/A
 Animate Skeleton         Necr           N/A          56%         1    N/A
 Vampiric Draining        Necr           #.........   90%         3    N/A
 Regeneration             Chrm/Necr      #.........   90%         3    N/A
 Spider Form              Tmut/Pois      #.........   90%         3    N/A
 Blade Hands              Tmut           #.........   100%        5    N/A
 Ice Form                 Ice/Tmut       #.......     100%        4    N/A
 Confusing Touch          Hex            #.....       56%         1    N/A
 Sticks to Snakes         Tmut           #.......     71%         2    N/A
 Beastly Appendage        Tmut           #.....       56%         1    N/A

Dungeon Overview and Level Annotations

Branches:
Dungeon (11/15)            Temple (0/1) D:5            Lair (1/6) D:10
    Orc (1/2) D:9

Altars:
Ashenzari
Cheibriados
Dithmenos
Fedhas
Makhleb
Nemelex Xobeh
Okawaru
Trog
Uskayaw

Annotations:
D:8 2 transporters
D:11 gottagoquickly's ghost, journeyman MiBe
Lair:1 exclusion: oklob plant


Innate Abilities, Weirdness & Mutations

You do not eat or drink.
Your flesh is vulnerable to fire.
You are immune to poison.
Your flesh is cold resistant. (rC+)
You are immune to negative energy. (rN+++)
You are immune to unholy pain and torment.
You can survive without breathing.


Message History

The blink frog blinks! x2; The hellwing misses you.
The hellwing hits you but does no damage.
Your hell hound bites the hellwing but does no damage.
The blink frog blinks!
Your hell hound misses the hellwing.
The blink frog blinks!
The hellwing swoops through the air toward you!
The hellwing hits you.
* * * LOW HITPOINT WARNING * * *
The hellwing hits you but does no damage.
Found a stone staircase leading down.
You take 4 damage, and have 4/84 hp.
You hit the blink frog. The blink frog closely misses you.
Your hell hound breathes flames at the hellwing.
The blast of flame hits the hellwing.
You hit the blink frog. The blink frog closely misses you.
The hellwing closely misses you.
The hellwing hits you but does no damage.
The blink frog blinks!
The blink frog hits you!
You die...
Your body glows slightly and disappears.

#......## #.>.....
#......# #=.....##
#......P#
..####......#
............##
##.4@F§...#
#F........#.
##.h.............
#..............
#........§....#
##...#####.#...#
#....# #...##
##...### ...F###
##...#.#####.......


You could see a hellwing, 2 blink frogs and a friendly hell hound.

Vanquished Creatures
  A two-headed ogre (D:9)
  A black mamba (D:10)
  A centaur zombie (D:10)
  A spiny frog (Lair:1)
  2 komodo dragons (Lair:1)
  A hippogriff (D:10)
  8 yaks
  A wyvern (D:8)
  Duvessa (D:7)
  2 water moccasins
  4 porcupines (Lair:1)
  2 ice beasts
  5 orc warriors
  A sky beast (D:5)
  2 phantoms
  A necrophage (D:10)
  An ogre (D:4)
  3 centaurs
  8 bullfrogs
  5 scorpions
  16 killer bees
  3 howler monkeys
  3 crimson imps
  11 hounds
  A jelly (D:5)
  9 orc wizards
  A bullfrog skeleton (D:5)
  6 orc priests
  Crazy Yiuf (D:3)
  Jessica (D:2)
  2 iguanas
  10 worker ants
  A killer bee zombie (D:9)
  A hound skeleton (D:8)
  4 gnolls
  7 adders
  A shadow imp (D:7)
  2 oozes (D:1)
  An adder skeleton (D:5)
  2 worms (D:5)
  3 dart slugs
  6 leopard geckos
  62 orcs
  2 ball pythons
  6 giant cockroaches
  10 goblins
  6 hobgoblins
  23 jackals
  6 quokkas
  8 bats
  4 frilled lizards
  A jackal skeleton (D:4)
  5 kobolds
  A leopard gecko skeleton (D:4)
  8 rats
  A fungus (D:3)
286 creatures vanquished.

Vanquished Creatures (collateral kills)
  Erica (D:9)
  Psyche (D:10)
  2 trolls
  Prince Ribbit (D:7)
  Sigmund (D:3)
  The ghost of Totori the Skirmisher, an amateur DrHu of the Shining One (D:3)
  A water moccasin (D:5)
  3 orc warriors
  A phantom (D:4)
  An eye of draining (D:9)
  2 ogres
  A gnoll sergeant (D:8)
  A bullfrog (D:9)
  A water moccasin zombie (D:6)
  Dowan (D:7)
  A scorpion (D:9)
  A wyvern skeleton (D:7)
  13 killer bees
  A crimson imp (D:5)
  A hound (D:9)
  A jelly (D:6)
  2 orc priests (D:9)
  An orc wizard (D:9)
  A centaur skeleton (D:6)
  An iguana (D:9)
  A killer bee zombie (D:9)
  A hound skeleton (D:8)
  2 adders
  4 gnolls
  An adder skeleton (D:6)
  A leopard gecko (D:7)
  6 orcs (D:9)
58 creatures vanquished.

Vanquished Creatures (others)
  2 yaks (D:10)
  2 orcs (D:10)
4 creatures vanquished.

Grand Total: 348 creatures vanquished

Notes
Turn   | Place    | Note
-------+----------+-------------------------------------------
     0 | D:1      | Kikal the Mummy Monk began the quest for the Orb.
     0 | D:1      | Reached XP level 1. HP: 18/18 MP: 1/1
   151 | D:1      | Reached skill level 3 in Unarmed Combat
   151 | D:1      | Reached XP level 2. HP: 18/24 MP: 2/2
   656 | D:2      | Noticed Jessica
   663 | D:2      | Killed Jessica
   663 | D:2      | Reached XP level 3. HP: 27/29 MP: 3/3
   763 | D:2      | Found a blossoming altar of Fedhas.
   872 | D:2      | Reached skill level 4 in Unarmed Combat
  1080 | D:2      | Reached XP level 4. HP: 31/35 MP: 4/4
  1497 | D:2      | Found a sparkling altar of Nemelex Xobeh.
  1504 | D:2      | Became a worshipper of Nemelex Xobeh the Trickster
  1504 | D:2      | Received a gift from Nemelex Xobeh
  1504 | D:2      | Reached * piety under Nemelex Xobeh
  1504 | D:2      | Received a gift from Nemelex Xobeh
  1504 | D:2      | Reached ** piety under Nemelex Xobeh
  1571 | D:2      | Upgraded the game from 0.22-a0-407-gb098539 to 0.22-a0-409-gb855193
  1933 | D:3      | Noticed Totori's ghost (amateur DrHu)
  2535 | D:3      | Reached XP level 5. HP: 31/41 MP: 5/5
  2629 | D:4      | Reached skill level 1 in Invocations
  2826 | D:3      | Noticed Sigmund
  2827 | D:3      | Noticed an ice devil
  2833 | D:3      | Killed Sigmund
  2833 | D:3      | Reached skill level 5 in Unarmed Combat
  2833 | D:3      | Reached skill level 2 in Invocations
  3436 | D:3      | Received a gift from Nemelex Xobeh
  3543 | D:3      | Upgraded the game from 0.22-a0-409-gb855193 to 0.22-a0-414-gacd343e
  3543 | D:3      | Upgraded the game from 0.22-a0-414-gacd343e to 0.22-a0-422-g9628fc8
  3604 | D:3      | Reached XP level 6. HP: 42/47 MP: 7/7
  3944 | D:4      | Received a gift from Nemelex Xobeh
  4569 | D:3      | Killed Totori's ghost
  4569 | D:3      | Reached skill level 3 in Invocations
  4569 | D:3      | Reached XP level 7. HP: 52/52 MP: 9/9
  4670 | D:3      | Found a runed door.
  4674 | D:3      | Noticed Crazy Yiuf
  4683 | D:3      | Killed Crazy Yiuf
  5062 | D:4      | Reached skill level 6 in Unarmed Combat
  5094 | D:4      | Found a snail-covered altar of Cheibriados.
  5204 | D:4      | Reached skill level 4 in Invocations
  5315 | D:5      | Entered Level 5 of the Dungeon
  5650 | D:5      | Reached XP level 8. HP: 58/58 MP: 11/11
  5950 | D:5      | Reached skill level 7 in Unarmed Combat
  5976 | D:5      | Reached skill level 5 in Invocations
  6301 | D:5      | Found a hide-covered altar of Uskayaw.
  6494 | D:5      | Found a staircase to the Ecumenical Temple.
  6676 | D:6      | Reached *** piety under Nemelex Xobeh
  6762 | D:6      | Reached skill level 1 in Armour
  7020 | D:6      | Received a gift from Nemelex Xobeh
  7136 | D:6      | Reached skill level 4 in Fighting
  7232 | D:6      | Reached skill level 6 in Invocations
  7466 | D:6      | Reached skill level 2 in Armour
  7596 | D:6      | Noticed Prince Ribbit
  7628 | D:6      | Reached XP level 9. HP: 59/66 MP: 13/13
  7974 | D:6      | Reached skill level 3 in Armour
  7994 | D:7      | Reached skill level 5 in Fighting
  8139 | D:7      | Noticed Duvessa
  8145 | D:7      | Noticed Dowan
  8153 | D:7      | Killed Duvessa
  8154 | D:7      | Killed Dowan
  8155 | D:7      | Received a gift from Nemelex Xobeh
  8344 | D:7      | Killed Prince Ribbit
  8792 | D:8      | Found a transporter.
  8792 | D:8      | Noticed a manticore
  8821 | D:8      | Reached skill level 4 in Armour
  8839 | D:8      | Reached skill level 8 in Unarmed Combat
  8921 | D:8      | Reached **** piety under Nemelex Xobeh
  9040 | D:8      | Reached skill level 7 in Invocations
  9462 | D:8      | Found a shattered altar of Ashenzari.
  9463 | D:8      | Found a burning altar of Makhleb.
  9464 | D:8      | Found an iron altar of Okawaru.
  9468 | D:8      | Found a transporter.
  9729 | D:8      | Received a gift from Nemelex Xobeh
  9770 | D:8      | Found a bloodstained altar of Trog.
  9846 | D:9      | Reached XP level 10. HP: 73/74 MP: 15/15
 10064 | D:9      | Noticed a two-headed ogre
 10075 | D:9      | Killed a two-headed ogre
 10075 | D:9      | Reached skill level 9 in Unarmed Combat
 10131 | D:9      | Reached skill level 8 in Invocations
 10434 | D:9      | Noticed Erica
 10450 | D:9      | Killed Erica
 10559 | D:9      | Found a staircase to the Orcish Mines.
 10633 | D:9      | Found a shadowy altar of Dithmenos.
 10699 | D:9      | Reached skill level 6 in Fighting
 11062 | D:10     | Entered Level 10 of the Dungeon
 11062 | D:10     | Noticed Psyche
 11068 | D:10     | Killed Psyche
 11089 | D:10     | Received a gift from Nemelex Xobeh
 11172 | D:10     | Found a staircase to the Lair.
 11694 | D:10     | Reached skill level 7 in Fighting
 12785 | D:10     | Reached skill level 10 in Unarmed Combat
 12926 | D:11     | Noticed a purple ugly thing
 12926 | D:11     | Noticed gottagoquickly's ghost (journeyman MiBe)
 12961 | D:10     | Reached XP level 11. HP: 36/84 MP: 17/17
 13184 | Orc:1    | Entered Level 1 of the Orcish Mines
 13356 | Orc:1    | Noticed an orc warlord
 13653 | D:10     | Reached skill level 9 in Invocations
 14115 | Lair:1   | Entered Level 1 of the Lair of Beasts
 14118 | Lair:1   | Noticed an oklob plant
 14402 | D:10     | Reached skill level 5 in Armour
 14620 | D:11     | Noticed a purple ugly thing
 14622 | D:11     | Noticed a red ugly thing
 15209 | Lair:1   | Received a gift from Nemelex Xobeh
 15567 | Lair:1   | HP: 4/84 [hellwing[the player character] (4)]
 15570 | Lair:1   | Mangled by a blink frog

Vault maps used:
D:1:      tarquinn_simple_flora_water_f
D:2:      old_standard_altar, fedhas_altar_4, uniq_jessica
D:3:      serial_bayou, serial_bayou_shore_b, serial_bayou_shore_b,
          serial_bayou_pond_c, serial_bayou_pond_e, grunt_ministairs_9,
          kennysheep_decorative_pillar, kennysheep_doodads, st_stairs_3,
          uniq_sigmund, uniq_crazy_yiuf_cottage
D:4:      kennysheep_slug_shrine, first_ration
D:5:      lemuel_crystal_altar, minmay_temple_entry_enclosed_plants
D:6:      uniq_prince_ribbit1
D:7:      st_stairs_9, uniq_duvessa
D:8:      marbit_many_paths, gammafunk_temple_overflow_arena
D:9:      hiddenorc1_lemuel, david_defended_altar_elf, uniq_erica
D:10:     lair_entry_dummy, special_room, uniq_psyche
D:11:     portal_ice_cave_entry_ice_beasts, hangedman_little_slice_of_home
Lair:1:   minmay_lair_oklob_bushes, beast_lair_carwin_1
Orc:1:    minmay_goldmine, serial_shops, nicolae_shop_trees,
          nicolae_alphabet_shops, mines1_david

Skill      XL: |  1  2  3  4  5  6  7  8  9 10 11 |
---------------+----------------------------------+-----
Unarmed Combat | 3 4 5 6 7 8 10 | 10.0
Invocations    | 2 3 4 6 7 8 9 |  9.7
Armour         | 2 4 5 |  5.6
Fighting       | 4 5 7 |  7.0
Dodging        | |  2.4
Stealth        | |  1.5

Action                   |  1- 3 |  4- 6 |  7- 9 | 10-12 || total
-------------------------+-------+-------+-------+-------++-------
Melee: Unarmed           |   121 |   234 |   591 |   519 ||  1465
       Punch             |     1 |     5 |    24 |    23 ||    53
Throw: Stone             |       |     8 |       |       ||     8
Evoke: Deck              |       |     6 |    18 |    19 ||    43
       Wand              |       |       |    13 |    19 ||    32
  Use: Scroll            |       |       |    10 |     6 ||    16
 Stab: Sleeping          |     1 |     4 |       |       ||     5
       Petrified         |       |       |       |     4 ||     4
       Distracted        |       |       |       |     1 ||     1
Armor: Robe              |    27 |       |       |       ||    27
       Leather armour    |    26 |    47 |    37 |       ||   110
       Ring mail         |       |       |   164 |   187 ||   351
Dodge: Dodged            |    97 |   131 |   326 |   304 ||   858

Table legend:
 A = Spawn XP
 B = Non-spawn XP
 C = Spawn XP percentage of total XP
 D = Spawn monster count
 E = Non-spawn monster count
 F = Spawn count percentage of total count
 G = Total turns spent on level
                    A         B        C        D         E        F      G
               +---------+---------+-------+---------+---------+-------+---------
         Total |       0 |   15602 |   0.0 |       0 |     347 |   0.0 | 15570
               +---------+---------+-------+---------+---------+-------+---------
           D:1 |       0 |      38 |   0.0 |       0 |      17 |   0.0 |   638
           D:2 |       0 |     144 |   0.0 |       0 |      34 |   0.0 |  1631
           D:3 |       0 |     495 |   0.0 |       0 |      32 |   0.0 |  2267
           D:4 |       0 |     500 |   0.0 |       0 |      15 |   0.0 |   834
           D:5 |       0 |     843 |   0.0 |       0 |      29 |   0.0 |  1208
           D:6 |       0 |    1113 |   0.0 |       0 |      31 |   0.0 |  1399
           D:7 |       0 |     898 |   0.0 |       0 |      26 |   0.0 |   838
           D:8 |       0 |    1415 |   0.0 |       0 |      37 |   0.0 |  1194
           D:9 |       0 |    2959 |   0.0 |       0 |      48 |   0.0 |  2362
          D:10 |       0 |    4861 |   0.0 |       0 |      66 |   0.0 |  2685
        Lair:1 |       0 |    2293 |   0.0 |       0 |      10 |   0.0 |   482
         Orc:1 |       0 |      43 |   0.0 |       0 |       2 |   0.0 |    13
               +---------+---------+-------+---------+---------+-------+---------
